 Dungeon Crawl Stone Soup version 0.20-a0-936-gaf809b6 (webtiles) character file.

11225 M4edhros the Covert (level 11, -2/111 HPs)
             Began as an Octopode Artificer on Mar 29, 2017.
             Was an Elder of Fedhas.
             Killed from afar by a red draconian (23 damage)
             ... with a searing blast
             ... in a volcano.
             The game lasted 00:23:17 (11661 turns).

M4edhros the Covert (Octopode Artificer)           Turns: 11661, Time: 00:23:18

Health: -2/111     AC:  2    Str: 19    XL:     11   Next: 74%
Magic:  18/18      EV: 15    Int: 13    God:    Fedhas [****..]
Gold:   660        SH: 18    Dex: 16    Spells: 10/10 levels left

rFire    . . .     SeeInvis .   v - +0 dagger (venom)
rCold    . . .     Gourm    .   D - +1 large shield
rNeg     . . .     Faith    .   (helmet restricted)
rPois    .         Spirit   .   e - amulet of rage
rElec    .         Reflect  .   s - +2 ring of strength
rCorr    .         Harm     .   (no ring)
MR       .....     Clarity  +   o - ring of stealth
Stlth    ..........             (no ring)
Regen    0.3/turn               (no ring)
MPRegen  0.2/turn               (no ring)
                                (no ring)
                                (no ring)

@: berserking, very quick
A: almost no armour, stealthy swim, amphibious, 8 rings, constrict 8, camouflage
1, clarity, shaggy fur 1, gelatinous body 1
a: Fungal Bloom, Evolution, Sunlight, Growth, Reproduction, Renounce Religion,
Evoke Berserk Rage


You were in a volcano.
You worshipped Fedhas.
Fedhas was greatly pleased with you.
You were hungry.

You visited 2 branches of the dungeon, and saw 10 of its levels.
You also visited: Bailey and Volcano.

You collected 660 gold pieces.

Inventory:

Hand Weapons
 n - a +0 spear of distortion
 v - a +0 dagger of venom (weapon)
 C - a +1 hunting sling
 G - a +2 flail of protection
Missiles
 g - 178 stones (quivered)
 I - 25 sling bullets
Armour
 D - a +1 large shield (worn)
Jewellery
 e - an amulet of rage (around mantle)
 o - a ring of stealth (on tentacle)
 s - a +2 ring of strength (left tentacle)
Wands
 b - a wand of flame (3/48)
 c - a wand of enslavement (0/24)
 d - a wand of random effects (0/48)
 q - a wand of iceblast (0/15)
 F - a wand of digging (7/24)
 H - a wand of acid (1/15)
 J - a wand of flame (21/48)
 K - a wand of flame (24/48)
Scrolls
 j - 3 scrolls of recharging
 l - 2 scrolls of remove curse
 m - 5 scrolls of teleportation
 u - 6 scrolls of amnesia
 w - a scroll of enchant weapon
Potions
 h - a potion of brilliance
 i - 6 potions of curing {unknown}
 t - 2 potions of might
 x - a potion of haste
 E - 2 potions of lignification
Miscellaneous
 p - a phial of floods (inert)
Comestibles
 a - 4 fruits
 f - 6 bread rations
 B - 2 meat rations


   Skills:
 + Level 6.9 Fighting
 - Level 2.2 Short Blades
 - Level 1.5 Maces & Flails
 + Level 7.4 Dodging
 + Level 10.2 Stealth
 * Level 9.5 Shields
 * Level 9.9 Invocations
 - Level 4.2 Evocations


You had 10 spell levels left.
You didn't know any spells.

Dungeon Overview and Level Annotations

Branches:
Dungeon (9/15)             Temple (0/1) D:6            Lair (1/6) D:9
    Orc: D:9-12

Altars:
Ashenzari
Cheibriados
Fedhas
Qazlal
Ru
Uskayaw
Vehumet
Yredelemnul

Shops:
D:4 :   D:7 :   D:8 (

Annotations:
D:7 exclusion: statue


Innate Abilities, Weirdness & Mutations

You cannot wear most types of armour.
You are very stealthy in the water. (Stealth+)
You are amphibious.
You can wear up to eight rings at the same time.
You can use your tentacles to constrict eight enemies at once.
Your skin changes colour to match your surroundings (Stealth+).
Your rubbery body absorbs attacks. (AC +1, EV +1)
You possess an exceptional clarity of mind.
You are covered in fur. (AC +1)


Message History

You constrict the red draconian. The salamander misses you.
Unknown command.
You puncture the red draconian!
The red draconian looks as sick as possible!
The red draconian is heavily wounded.
You constrict the red draconian. You block the red draconian's attack.
Unknown command.
You hit the red draconian.
The red draconian is severely wounded.
You constrict the red draconian. You block the salamander's attack.
Unknown command.
You puncture the red draconian!
The red draconian looks as sick as possible!
You squeeze the red draconian, but do no damage.
The red draconian is severely wounded.
You constrict the red draconian.
The red draconian breathes flames at you.
The searing blast hits you!
You die...
Fedhas appreciates your contribution to the ecosystem.

≈§§≈≈≈≈§≈≈§§≈≈§≈≈≈≈≈≈≈§≈.≈§§≈≈§S≈
§≈§§§§§§§.≈§≈≈§§§≈≈.≈.≈≈.§§§≈≈§§§
≈≈§§§§§§.§.§.§............≈§§≈≈≈≈
######+########.≈≈≈§§≈≈ #.#
#..≈≈§≈≈≈ #§# #..≈§§≈≈§ #.#
#.≈§≈≈§≈≈ #.# #..≈§≈§§§
#@#.######.≈≈≈≈≈§§
#d#......#..§§≈≈≈≈
#N###++###.≈§≈§≈§≈


≈NN #..≈≈§§§≈ §§≈§≈§≈.# ≈8_8N #.≈≈≈§≈≈≈ ≈§≈≈≈§§.# '.....d #..≈≈≈≈≈§
≈≈≈§§§§§#################.≈≈§≈≈≈≈ ≈§≈≈§≈§§...§....§.........≈≈≈≈≈≈§
§≈≈§≈§≈§≈≈...§≈.≈..§≈..§.≈≈≈≈≈≈≈≈ You could see a red draconian and 3
salamanders.

Vanquished Creatures
  Erolcha (D:9)
  A two-headed ogre (D:8)
  A salamander mystic (Volcano)
  An orc knight (Bailey)
  A salamander (Volcano)
  The ghost of M4edhros the Vexing, a novice TrAM (D:7)
  Joseph (D:7)
  2 trolls
  2 hornets
  2 hippogriffs
  A wyvern (D:8)
  A fire bat (Volcano)
  Eustachio (D:5)
  A yak (D:9)
  A hell hound (Lair:1)
  2 porcupines (D:9)
  10 orc warriors
  5 ice beasts
  A phantom (D:5)
  2 sky beasts
  2 ogres
  2 black bears (D:9)
  3 centaurs
  A crocodile (D:9)
  6 bullfrogs
  2 scorpions
  3 wights (D:9)
  A lava snake (Volcano)
  5 crimson imps
  A hound (D:7)
  A bullfrog skeleton (D:5)
  4 orc priests
  A centaur skeleton (D:8)
  3 jellies
  15 orc wizards
  2 iguanas (D:6)
  4 worker ants
  3 hound skeletons
  5 gnolls
  9 adders
  A shadow imp (D:9)
  An ooze (D:1)
  3 adder skeletons
  4 worms
  A dart slug (D:4)
  2 leopard geckos
  38 orcs
  6 giant cockroaches
  7 goblins
  3 hobgoblins
  18 jackals
  5 kobolds
  4 quokkas
  A ball python (D:1)
  6 bats
  3 frilled lizards
  A gnoll skeleton (D:2)
  A gnoll zombie (D:2)
  A leopard gecko skeleton (D:8)
  A quokka skeleton (D:5)
  11 rats
229 creatures vanquished.

Vanquished Creatures (collateral kills)
  A two-headed ogre (D:9)
  The ghost of Isola the Carver, a novice TeGl of Ashenzari (D:8)
  A komodo dragon (D:9)
  A wandering mushroom (D:9)
  A hungry ghost (D:9)
  A porcupine (D:9)
  Duvessa (D:7)
  A hell hound (Lair:1)
  A black bear (D:9)
  4 orc warriors
  2 phantoms
  An ogre (D:9)
  A bullfrog (D:9)
  Dowan (D:7)
  A wyvern skeleton (D:8)
  2 wights (D:9)
  A crimson imp (D:6)
  A hound (D:9)
  A jelly (D:6)
  An orc wizard (D:7)
  3 gnolls (D:3)
  9 orcs
  A hobgoblin (D:2)
  A quokka (D:9)
  A jackal zombie (D:6)
  A rat (D:2)
41 creatures vanquished.

Vanquished Creatures (others)
  An orc warrior (Bailey)
  3 wandering mushrooms
  An adder (D:2)
  8 fungi (D:9)
  4 plants (D:9)
  162 toadstools
179 creatures vanquished.

Grand Total: 449 creatures vanquished

Notes
Turn   | Place    | Note
-------+----------+-------------------------------------------
     0 | D:1      | M4edhros the Octopode Artificer began the quest for the Orb.
     0 | D:1      | Reached XP level 1. HP: 13/13 MP: 3/3
     9 | D:1      | Noticed an electric eel
   112 | D:1      | Reached XP level 2. HP: 13/18 MP: 4/4
   308 | D:2      | Found a sacrificial altar of Ru.
   805 | D:2      | Reached skill level 2 in Stealth
   812 | D:2      | Reached XP level 3. HP: 15/23 MP: 5/5
  1430 | D:4      | Found Hoycoc's Book Shop.
  1684 | D:4      | Reached XP level 4. HP: 13/28 MP: 7/7
  1976 | D:4      | Reached skill level 1 in Maces & Flails
  1976 | D:4      | Reached skill level 3 in Stealth
  2293 | D:4      | Found a blossoming altar of Fedhas.
  2423 | D:4      | Became a worshipper of Fedhas Madash
  2583 | D:1      | Reached XP level 5. HP: 18/33 MP: 8/8
  3185 | D:2      | Reached * piety under Fedhas
  3332 | D:2      | Found a basalt altar of Yredelemnul.
  3758 | D:3      | Found a snail-covered altar of Cheibriados.
  3825 | D:3      | Found a shattered altar of Ashenzari.
  3847 | D:3      | Reached skill level 4 in Stealth
  3894 | D:3      | Reached XP level 6. HP: 29/39 MP: 9/9
  4048 | D:3      | Reached ** piety under Fedhas
  4586 | D:4      | Reached skill level 1 in Invocations
  4705 | D:5      | Entered Level 5 of the Dungeon
  4726 | D:5      | Noticed an ice beast
  4734 | D:5      | Killed an ice beast
  4734 | D:5      | Reached skill level 5 in Stealth
  4734 | D:5      | Reached skill level 1 in Shields
  4734 | D:5      | Reached XP level 7. HP: 28/45 MP: 10/10
  4974 | D:5      | Noticed Eustachio
  4980 | D:5      | Killed Eustachio
  5055 | D:5      | Reached XP level 8. HP: 29/52 MP: 11/11
  5145 | D:5      | Reached skill level 6 in Stealth
  5536 | D:6      | Found a hide-covered altar of Uskayaw.
  5949 | D:6      | Reached *** piety under Fedhas
  5960 | D:6      | Found a staircase to the Ecumenical Temple.
  6296 | D:7      | Noticed Joseph
  6307 | D:7      | Killed Joseph
  6307 | D:7      | Reached skill level 7 in Stealth
  6307 | D:7      | Reached skill level 5 in Shields
  6307 | D:7      | Reached skill level 5 in Invocations
  6307 | D:7      | Reached XP level 9. HP: 39/58 MP: 11/13
  6344 | D:7      | Noticed M4edhros's ghost (novice TrAM)
  6399 | D:7      | Noticed Duvessa
  6400 | D:7      | Noticed Dowan
  6456 | D:7      | Reached skill level 5 in Dodging
  6517 | D:7      | Found a flagged portal.
  6525 | D:7      | Killed M4edhros's ghost
  6667 | Bailey   | Entered a bailey
  6911 | Bailey   | Noticed an orc knight
  7066 | Bailey   | Reached skill level 5 in Fighting
  7066 | Bailey   | Reached skill level 8 in Stealth
  7072 | Bailey   | Killed an orc knight
  7072 | Bailey   | Reached XP level 10. HP: 66/66 MP: 13/15
  7218 | D:7      | Found a radiant altar of Vehumet.
  7276 | D:7      | Found Mipnoqun's Book Shoppe.
  7571 | D:7      | Killed Duvessa
  7573 | D:7      | Killed Dowan
  8053 | D:8      | Found Xeubu's Antique Weapon Boutique.
  8124 | D:8      | Noticed a two-headed ogre
  8136 | D:8      | Killed a two-headed ogre
  8161 | D:8      | Found a stormy altar of Qazlal.
  8176 | D:8      | Noticed Isola's ghost (novice TeGl)
  8185 | D:8      | Killed Isola's ghost
  8185 | D:8      | Reached skill level 9 in Stealth
  8485 | D:8      | Reached **** piety under Fedhas
  9375 | D:8      | Reached XP level 11. HP: 57/72 MP: 17/17
  9479 | D:9      | Noticed Erolcha
  9488 | D:9      | Killed Erolcha
  9615 | D:9      | Found a staircase to the Lair.
 10763 | D:9      | Gained mutation: You are weak. (Str -2) [mutagenic meat]
 10764 | D:9      | Gained mutation: You are agile. (Dex +2) [mutagenic meat]
 10765 | D:9      | Gained mutation: You are dopey. (Int -2) [mutagenic meat]
 10773 | D:9      | Lost mutation: You are dopey. (Int -2) [potion of mutation]
 10773 | D:9      | Lost mutation: You are agile. (Dex +2) [potion of mutation]
 10773 | D:9      | Lost mutation: You are weak. (Str -2) [potion of mutation]
 10773 | D:9      | Gained mutation: You possess an exceptional clarity of mind. [potion of mutation]
 10773 | D:9      | Gained mutation: You are agile. (Dex +2) [potion of mutation]
 10773 | D:9      | Gained mutation: One of your tentacles bears a spike. [potion of mutation]
 10774 | D:9      | Lost mutation: You possess an exceptional clarity of mind. [potion of mutation]
 10774 | D:9      | Lost mutation: One of your tentacles bears a spike. [potion of mutation]
 10774 | D:9      | Lost mutation: You are agile. (Dex +2) [potion of mutation]
 10774 | D:9      | Gained mutation: You are covered in fur. (AC +1) [potion of mutation]
 10774 | D:9      | Gained mutation: You possess an exceptional clarity of mind. [potion of mutation]
 10803 | D:9      | Noticed a two-headed ogre
 10823 | D:9      | Killed a two-headed ogre
 10838 | Lair:1   | Entered Level 1 of the Lair of Beasts
 10889 | Lair:1   | Found a dark tunnel.
 10901 | Lair:1   | Reached skill level 10 in Stealth
 11095 | Volcano  | Entered a volcano
 11641 | Volcano  | Found a burning altar of Makhleb.
 11641 | Volcano  | Noticed a salamander
 11641 | Volcano  | Noticed a salamander
 11641 | Volcano  | Noticed a salamander mystic
 11641 | Volcano  | Noticed a salamander
 11645 | Volcano  | Noticed a salamander
 11645 | Volcano  | Noticed a red draconian
 11649 | Volcano  | Killed a salamander mystic
 11649 | Volcano  | Killed a salamander
 11661 | Volcano  | Killed from afar by a red draconian

Vault maps used:
D:1:      arrival_aquarium_a, serial_glass, glass_columns_b, glass_columns_c,
          minmay_split_cup_small
D:2:      lemuel_zombie_altar_yredelemnul, nicolae_ru_sacrificial_ziggurat,
          first_bread, wad_floor_pattern_2
D:3:      lemuel_crystal_altar, kennysheep_nondescript, evilmike_ruin_ashenzari
D:4:      fedhas_altar_4, serial_shops, shop
D:5:      st_stairs_6, minmay_misc_feat_secret_circle, uniq_eustachio
D:6:      minmay_temple_entry_statues, basic_altar, hangedman_decor_riveting
D:7:      vehumet_statue, serial_shops, nicolae_shop_stone, enter_bailey_2,
          grunt_ogre_cave, corexii_hall_statues_deadend, uniq_duvessa,
          uniq_joseph
D:8:      serial_shops, nicolae_shop_waterfront, grunt_qazlal_clouds
D:9:      due_lair_maze_entry_diamond, uniq_erolcha
Lair:1:   enter_volcano_3, serial_bayou_shore_b, grunt_megastairs_1
Bailey:   bailey_polearm_4, bailey
Volcano:  volcano_lake

Skill      XL: |  1  2  3  4  5  6  7  8  9 10 11 |
---------------+----------------------------------+-----
Stealth        | 2 3 4 5 7 8 9 10 | 10.2
Evocations     | 4 |  4.2
Maces & Flails | 1 |  1.5
Dodging        | 3 4 5 6 7 |  7.4
Fighting       | 2 3 4 5 6 |  6.9
Short Blades   | 2 |  2.2
Invocations    | 1 3 5 7 8 9 |  9.9
Shields        | 1 3 5 6 8 9 |  9.5

Action                   |  1- 3 |  4- 6 |  7- 9 | 10-12 || total
-------------------------+-------+-------+-------+-------++-------
Melee: Short sword       |    19 |       |       |       ||    19
       Tentacles         |     7 |    26 |    50 |    84 ||   167
       Constrict         |    18 |    41 |    31 |    58 ||   148
       Mace              |    51 |    20 |       |       ||    71
       Dagger            |       |   104 |   137 |   270 ||   511
Invok: Fungal Bloom      |       |    30 |    24 |    38 ||    92
       Evolution         |       |     2 |       |     4 ||     6
 Abil: Evoke Berserk Rag |       |       |       |     1 ||     1
Evoke: Wand              |     4 |     2 |    32 |    15 ||    53
       Phial of floods   |       |       |       |     1 ||     1
  Use: Potion            |       |     4 |       |    11 ||    15
       Scroll            |       |     3 |    14 |     1 ||    18
 Stab: Sleeping          |     8 |    11 |    19 |    17 ||    55
       Paralysed         |       |       |     2 |       ||     2
       Confused          |       |       |       |     4 ||     4
       Distracted        |       |       |       |     1 ||     1
       Betrayed ally     |       |       |       |     1 ||     1
  Eat: Chunk             |     2 |     2 |       |     4 ||     8
       Royal jelly       |       |     1 |       |       ||     1
       Bread ration      |       |     1 |     1 |       ||     2
       Meat ration       |       |       |     1 |     3 ||     4
Armor: Skin              |     7 |     8 |     1 |     5 ||    21
Dodge: Dodged            |    38 |    57 |    40 |   105 ||   240
Block: Large shield      |       |     9 |    70 |   215 ||   294
